AoeStats
← R1b7n12

Arabia

509643934Analyzed
2v2 RM · 4d ago on Sep 27, 2026· 47m 24s· 4 players
Game mode
Random Map
Map size
Medium (4 player)
Population
200
Speed
Normal
Resources
Standard
Victory
Conquest
Starting age
Dark Age
Ending age
Imperial Age
RankedLock teamsTeams togetherTeam positionsShared explorationLock speedFull tech treeHidden civsTurbo modeCheats
Victory
Defeat
🇫🇷 Vietnamese · France
1159
+17
🇹🇷 Magyars · Türkiye
1113
+19
🇩🇪 Persians · Germany
1253
-49
🇩🇪 Ethiopians · Germany
1100
-15
Malouda
7:40 Loom
10:20 Feudal Age
12:09 Double-Bit Axe
12:07 Horse Collar
15:53 Fletching
16:46 Padded Archer Armor
21:38 Wheelbarrow
24:12 Castle Age
23:00 Gold Mining
24:18 Crossbowman
25:18 Thumb Ring
27:25 Bodkin Arrow
32:01 Leather Archer Armor
34:58 Ballistics
43:10 Imperial Age
43:54 Arbalester
44:35 Bracer
45:05 Ring Archer Armor
45:53 Chemistry
veysipak
10:17 Feudal Age
9:55 Loom
19:49 Castle Age
18:25 Double-Bit Axe
31:53 Scale Barding Armor
34:46 Pikeman
36:10 Scale Mail Armor
36:07 Horse Collar
41:42 Wheelbarrow
42:35 Elite Skirmisher
iroNistiC
5:55 Loom
8:51 Feudal Age
9:41 Double-Bit Axe
9:47 Horse Collar
17:31 Forging
18:30 Wheelbarrow
22:38 Castle Age
20:57 Scale Barding Armor
22:42 Bloodlines
23:29 Bow Saw
23:21 Heavy Plow
25:41 Gold Mining
27:14 Chain Barding Armor
29:29 Iron Casting
36:31 Husbandry
41:21 Imperial Age
41:45 Hand Cart
41:16 Town Watch
42:27 Plate Barding Armor
43:06 Cavalier
44:05 Town Patrol
44:55 Savar
R1b7n12
7:28 Loom
10:16 Feudal Age
11:05 Double-Bit Axe
11:54 Horse Collar
14:09 Fletching
25:42 Castle Age
23:51 Gold Mining
24:11 Padded Archer Armor
25:46 Crossbowman
26:28 Bodkin Arrow
26:49 Leather Archer Armor
28:47 Thumb Ring
29:23 Wheelbarrow
31:10 Ballistics
45:12 Bow Saw
Connection lost

Rejoining the realm…

Still unreachable

The connection could not be restored.

Session expired

The server has moved on; the page needs a fresh start.